[Event "ICCopen2017"]
[Site "Internet Chess Club"]
[Date "2017.04.02"]
[Round "9"]
[White "tenho"]
[Black "DrDeath"]
[Result "1-0"]
[ICCResult "Black forfeits on time"]
[WhiteElo "1961"]
[BlackElo "1785"]
[Opening "English opening"]
[ECO "A13"]
[NIC "EO.64"]
[Time "20:45:16"]
[TimeControl "180+0"]

1. c4 e6 2. g3 c5 3. Bg2 Ne7 4. a3 Ng6 5. Nc3 Qc7 6. d3 Nc6 7. Nf3 b6 8. O-O
Bb7 9. Rb1 h5 10. h4 f5 11. Bd2 f4 12. Kh2 fxg3+ 13. fxg3 Be7 14. b4 Nxh4
15. bxc5 Nxf3+ 16. Bxf3 Bxc5 17. Ne4 h4 18. Bf4 hxg3+ 19. Kxg3 Rh3+ 20. Kxh3
Qxf4 21. Qd2 Qf5+ 22. Bg4 Qh7+ 23. Kg2 Ne5 24. Qf4 Nxg4 25. Qxg4 O-O-O 26.
Rf3 Bxe4 27. dxe4 Rh8 28. Rh3 Qxh3+ 29. Qxh3 Rxh3 30. Kxh3 Bd4 31. Kg4 a5
32. a4 Kc7 33. Kg5 Kc6 34. Rb5 d6 35. Kg6 Be5 36. Kf7 Bd4 37. Kxe6 Be5 38.
Rd5 Bc3 39. Rxd6+ Kc5 40. Rd7 Kxc4 41. Rb7 Kb4 42. Rxb6+ Kxa4 43. Kd5 Ka3
44. Kc4 Bb2 45. Rb3+ Ka2 46. Rg3 a4 47. Re3 a3 48. e5 Ba1 49. e6
{Black forfeits on time}
1-0

[Event "ICCopen2017"]
[Site "Internet Chess Club"]
[Date "2017.04.02"]
[Round "9"]
[White "Nightlife"]
[Black "aravind6904"]
[Result "1/2-1/2"]
[ICCResult "Game drawn by repetition"]
[WhiteElo "1764"]
[BlackElo "1450"]
[Opening "Sicilian: Smith-Morra gambit"]
[ECO "B21"]
[NIC "SI.48"]
[Time "20:45:56"]
[TimeControl "180+0"]

1. e4 c5 2. d4 cxd4 3. c3 dxc3 4. Nxc3 Nc6 5. Nf3 e6 6. Bc4 Nf6 7. e5 Ng8 8.
O-O Nge7 9. Bf4 Ng6 10. Bg3 Be7 11. Qe2 O-O 12. Rfd1 Qb6 13. h4 h6 14. Bd3
Bb4 15. Bxg6 fxg6 16. Qe4 Bxc3 17. bxc3 Ne7 18. Qg4 Qd8 19. Rd6 Qe8 20. Rad1
Qf7 21. Nd4 Nf5 22. Nxf5 Qxf5 23. Qxf5 gxf5 24. f4 b6 25. Bf2 Rf7 26. c4 Kf8
27. c5 bxc5 28. Bxc5 Ke8 29. a4 Bb7 30. a5 Bc6 31. R6d2 a6 32. Rb2 Rc8 33.
Rb6 Bb5 34. Bd6 g6 35. Rb7 h5 36. g3 Rh7 37. Bc7 Kf7 38. Bd6 Rhh8 39. Bb4
Rhe8 40. Rd6 Bc6 41. Be1 Bxb7 42. Rb6 Bc6 43. Bf2 Ra8 44. Bc5 Reb8 45. Kf2
Rxb6 46. Bxb6 Rb8 47. Ke3 Ra8 48. Kd4 Bb5 49. Kc5 Bc6 50. Kd6 Rc8 51. Ba7
Ke8 52. Bc5 Kf7 53. Bb4 Ke8 54. Bc5 Kf7 55. Bb4 Ke8 56. Bc5 Kf7 57. Bb4 Ke8
{Game drawn by repetition}
1/2-1/2

[Event "ICCopen2017"]
[Site "Internet Chess Club"]
[Date "2017.04.02"]
[Round "9"]
[White "MyLien"]
[Black "egyptiantiger"]
[Result "1-0"]
[ICCResult "Black checkmated"]
[WhiteElo "1569"]
[BlackElo "1645"]
[Opening "Sicilian: Labourdonnais-Löwenthal variation"]
[ECO "B32"]
[NIC "SI.32"]
[Time "20:45:26"]
[TimeControl "180+0"]

1. e4 c5 2. Nf3 Nc6 3. d4 cxd4 4. Nxd4 e5 5. Nxc6 bxc6 6. c4 h6 7. Nc3 d6 8.
Bd3 Nf6 9. Rb1 Be7 10. Qe2 O-O 11. Bd2 Be6 12. b4 Nd7 13. O-O a5 14. a3 axb4
15. axb4 Ra3 16. Rb2 Qc7 17. Rfb1 Rfa8 18. h3 Nb6 19. b5 c5 20. Nd5 Bxd5 21.
exd5 Rf8 22. f4 exf4 23. Bxf4 Bf6 24. Rb3 Rxb3 25. Rxb3 Bd4+ 26. Kh1 Qd7 27.
Qe4 g6 28. Be3 Re8 29. Qh4 Rxe3 30. Qxh6 Re1+ 31. Kh2 Bg1+ 32. Kg3 Qe7 33.
Bxg6 Qe5+ 34. Kh4 Qf6+ 35. Kg3 Qf2+ 36. Kg4 Qe2+ 37. Rf3 Qxc4+ 38. Rf4 Qe2+
39. Rf3 Qc4+ 40. Rf4 Qe2+ 41. Rf3 Qxg2+ 42. Rg3 Re4+ 43. Bxe4 Qxe4+ 44. Kh5+
Qg6+ 45. Rxg6+ fxg6+ 46. Qxg6+ Kf8 47. Qxg1 Nxd5 48. Qg6 Ke7 49. Qg7+ Ke6
50. Qg6+ Nf6+ 51. Kg5 Ke5 52. Qxf6+ Kd5 53. Qf5+ Kc4 54. b6 d5 55. b7 d4 56.
b8=Q d3 57. Qd6 Kc3 58. Qe4 c4 59. Qdd4+ Kc2 60. Qxc4+ Kb2 61. Qexd3 Ka1 62.
Qa4+ Kb2 63. Qdc2# {Black checkmated} 1-0

[Event "ICCopen2017"]
[Site "Internet Chess Club"]
[Date "2017.04.02"]
[Round "9"]
[White "kaalzar"]
[Black "anan"]
[Result "0-1"]
[ICCResult "White forfeits on time"]
[WhiteElo "1374"]
[BlackElo "1594"]
[Opening "Sicilian: closed"]
[ECO "B23"]
[NIC "SI.44"]
[Time "20:45:23"]
[TimeControl "180+0"]

1. e4 c5 2. Nc3 d6 3. Bc4 g6 4. d3 Bg7 5. Nge2 Nc6 6. a4 Nf6 7. Bg5 O-O 8.
O-O Nd7 9. Nd5 Re8 10. f4 h6 11. Bh4 Nd4 12. Nxd4 Bxd4+ 13. Kh1 Bxb2 14. Rb1
Bf6 15. Qg4 Bxh4 16. Qxh4 Kg7 17. f5 e6 18. f6+ Kh7 19. Ne7 Nxf6 20. Nxg6
fxg6 21. Rxf6 Rf8 22. Rf7+ Kg8 23. Rxf8+ Qxf8 24. Kg1 Bd7 25. Rf1 Qg7 26.
Qf4 Rf8 27. Qxd6 Rxf1+ 28. Kxf1 Qf8+ 29. Qxf8+ Kxf8 30. Kf2 Ke7 31. Kg3 Kf6
32. Kf4 e5+ 33. Kg3 Bxa4 34. h3 Bxc2 35. Kf3 Bd1+ 36. Ke3 Ba4 37. g4 Bc6 38.
h4 g5 39. h5 b5 40. Bd5 Bxd5 41. exd5 Ke7 42. Ke4 Kd6 43. d4 a5 44. dxe5+
Ke7 45. d6+ Ke6 {White forfeits on time} 0-1

[Event "ICCopen2017"]
[Site "Internet Chess Club"]
[Date "2017.04.02"]
[Round "9"]
[White "andrus"]
[Black "vbtry3"]
[Result "0-1"]
[ICCResult "White forfeits on time"]
[WhiteElo "1580"]
[BlackElo "1690"]
[Opening "two knights defense: Colman variation"]
[ECO "C58"]
[NIC "KP.01"]
[Time "20:44:54"]
[TimeControl "180+0"]

1. e4 e5 2. Nf3 Nc6 3. Bc4 Nf6 4. Ng5 d5 5. exd5 Na5 6. Bb5+ c6 7. dxc6 bxc6
8. Qf3 Rb8 9. Bd3 h6 10. Ne4 Nd5 11. c3 Be7 12. Bc2 O-O 13. O-O f5 14. Ng3
e4 15. Nxe4 fxe4 16. Qxe4 Nf6 17. Qd3 Qxd3 18. Bxd3 Nb7 19. Bc4+ Kh8 20. d4
Nd5 21. a4 Na5 22. Bd3 Nb3 23. Ra2 Nxc1 24. Rxc1 Bg5 25. Re1 Nf4 26. Bc2 Be6
27. Ra1 Rxb2 28. Na3 Bf5 29. Bxf5 Rxf5 30. g3 Nd3 31. Re8+ Kh7 32. f4 Bxf4
33. gxf4 Nxf4 34. Nc4 Nh3+ 35. Kh1 Nf2+ 36. Kg2 Rg5+ 37. Kf3 Rc2 38. Ne3 Rb2
39. Rc1 Nh3 40. Rc2 Rb1 41. Rg2 Ng1+ 42. Kf2 Rb2+ 43. Kxg1 Rb1+ 44. Kf2 Rb2+
45. Kf3 Rgxg2 46. Nxg2 Rc2 47. Re3 Ra2 {White forfeits on time} 0-1

[Event "ICCopen2017"]
[Site "Internet Chess Club"]
[Date "2017.04.02"]
[Round "9"]
[White "fueguino"]
[Black "uptonjr"]
[Result "1-0"]
[ICCResult "Black forfeits on time"]
[WhiteElo "1942"]
[BlackElo "1766"]
[Opening "Mieses opening"]
[ECO "A00"]
[NIC "VO.13"]
[Time "20:45:26"]
[TimeControl "180+0"]

1. d3 Nf6 2. c4 d6 3. Nc3 g6 4. g3 Bg7 5. Bg2 O-O 6. Nf3 c5 7. O-O Nc6 8. a3
a5 9. Rb1 h6 10. Bd2 Be6 11. Qc1 Kh7 12. e3 Bf5 13. Qc2 Qd7 14. Nd5 Nxd5 15.
cxd5 Nb8 16. Rfe1 b5 17. e4 Bh3 18. Bh1 b4 19. Bf4 Na6 20. a4 Rac8 21. b3
Bg4 22. Nd2 Bd4 23. Nc4 Qd8 24. Bg2 Nb8 25. h3 Bd7 26. e5 dxe5 27. Bxe5 Bxe5
28. Rxe5 e6 29. Rbe1 exd5 30. Rxd5 Qc7 31. Qd2 Be6 32. Rde5 Nd7 33. R5e2 Nf6
34. Rxe6 fxe6 35. Rxe6 Kg7 36. d4 cxd4 37. Qxd4 Rcd8 38. Qb2 Qd7 39. Rd6 Qe7
40. Rxd8 Rxd8 41. Nxa5 h5 42. h4 Rd1+ 43. Kh2 Qe1 44. Qxf6+ Kxf6 45. g4
{Black forfeits on time}
1-0

[Event "ICCopen2017"]
[Site "Internet Chess Club"]
[Date "2017.04.02"]
[Round "9"]
[White "lustigbridge"]
[Black "HouseMorgan"]
[Result "1/2-1/2"]
[ICCResult "Black ran out of time and White has no material to mate"]
[WhiteElo "1949"]
[BlackElo "2166"]
[Opening "Grünfeld with Bf4 & e3"]
[ECO "D93"]
[NIC "QP.08"]
[Time "20:45:07"]
[TimeControl "180+0"]

1. d4 d5 2. Bf4 Nf6 3. Nf3 g6 4. c4 Bg7 5. e3 O-O 6. Nc3 c5 7. dxc5 Qa5 8.
Be5 dxc4 9. Bxc4 Qxc5 10. Qd4 Qa5 11. Qh4 Nc6 12. Bg3 Ne4 13. Qxe4 Bxc3+ 14.
bxc3 Qxc3+ 15. Ke2 Bf5 16. Qh4 Nb4 17. Nd2 Bd3+ 18. Bxd3 Qxd3+ 19. Kf3 Qxd2
20. Rhd1 Qc3 21. Rac1 Qa3 22. Qxe7 a5 23. Bd6 Qxa2 24. Bxb4 axb4 25. Qxb4
Qe6 26. Qe4 Qf6+ 27. Qf4 Qb6 28. Rb1 Qc6+ 29. Qe4 Qf6+ 30. Qf4 Qc6+ 31. Kg3
b5 32. f3 h5 33. Qd4 Ra2 34. Rb2 Ra4 35. Qd5 Qc7+ 36. Qd6 Qc3 37. Re2 b4 38.
e4 b3 39. Qd3 Qc7+ 40. Kh3 Ra2 41. Rdd2 Rxd2 42. Qxd2 Rb8 43. Qb2 Qc8+ 44.
g4 Qe6 45. Kg3 hxg4 46. fxg4 Rb4 47. h4 Rb8 48. e5 Rb4 49. Rd2 Qxg4+ 50. Kf2
Rf4+ 51. Ke1 Qg1+ 52. Ke2 Qf1+ 53. Ke3 Qf2+ 54. Kd3 Rd4+ 55. Kc3 Qxd2+ 56.
Qxd2 Rxd2 57. Kxd2 Kg7 58. Kc3 Kh6 59. Kxb3 Kh5 60. Kc3 Kxh4 61. Kd4 Kg5 62.
Ke4 Kg4 63. Ke3 Kf5 64. Kf2 Ke6 65. Kg2 Kxe5 66. Kf3 f6 67. Kg3 f5 68. Kg2
g5 69. Kf1 f4 70. Kf2 Kf5 71. Ke2 g4 72. Kd3 g3 73. Kc4 Kg4 74. Kc5 Kh3 75.
Kc4 g2 76. Kd5 f3 77. Kd6 f2 78. Kd7 f1=Q 79. Kd6
{Black ran out of time and White has no material to mate}
1/2-1/2

[Event "ICCopen2017"]
[Site "Internet Chess Club"]
[Date "2017.04.02"]
[Round "9"]
[White "chess-caleb"]
[Black "spoks7th"]
[Result "0-1"]
[ICCResult "White resigns"]
[WhiteElo "1770"]
[BlackElo "2131"]
[Opening "Sicilian: Richter-Rauzer, 6...e6"]
[ECO "B62"]
[NIC "SI.27"]
[Time "20:45:12"]
[TimeControl "180+0"]

1. e4 c5 2. Nf3 d6 3. d4 cxd4 4. Nxd4 Nf6 5. Nc3 Nc6 6. Bg5 e6 7. Bxf6 Qxf6
8. Ndb5 Qd8 9. Be2 a6 10. Nd4 Bd7 11. O-O Qb6 12. Nb3 Be7 13. Kh1 O-O 14. f4
Qc7 15. f5 Ne5 16. Nd4 b5 17. a3 Rac8 18. Qd2 Bf6 19. Qf4 Qb7 20. Nf3 Nc4
21. Bxc4 Rxc4 22. Qxd6 Bxc3 23. bxc3 Rxc3 24. Rad1 Bc8 25. Qe5 Rc4 26. Rfe1
f6 27. Qg3 e5 28. Qh4 Rxc2 29. Nd2 Qc6 30. Qg3 Rc3 31. Qf2 Bb7 32. Qa7 Rd8
33. Nf3 Rxd1 34. Rxd1 Rc1 35. Qg1 Rxd1 36. Qxd1 Qc7 37. Qb3+ Kh8 38. Qe3 h6
39. h3 Qc6 40. Nd2 Qd6 41. Qc3 Bc6 42. Kh2 Kh7 43. Nb3 Bxe4 44. Nc5 Bxf5 45.
Nb7 Qb8 46. Qc6 e4+ 47. Kg1 Qe5 48. Nd6 e3 49. Nxf5 Qxf5 50. Qb6 Qf2+ 51.
Kh2 Qf4+ 52. Kg1 Qf2+ 53. Kh2 Qf4+ 54. Kg1 e2 55. Qf2 Qxf2+ 56. Kxf2 Kg6 57.
Kxe2 Kf5 58. Ke3 a5 59. g4+ Ke5 60. Kd3 b4 61. axb4 axb4 62. Kc4 Kf4 63.
Kxb4 Kg3 64. Kc4 Kxh3 65. g5 fxg5 66. Kd4 g4 67. Ke4 g3 68. Kf5 g2 69. Kg6
g1=Q+ 70. Kh7 h5 71. Kh8 h4 72. Kh7 g5 {White resigns} 0-1

[Event "ICCopen2017"]
[Site "Internet Chess Club"]
[Date "2017.04.02"]
[Round "9"]
[White "chigato"]
[Black "ShadowStorm"]
[Result "1/2-1/2"]
[ICCResult "Black stalemated"]
[WhiteElo "1601"]
[BlackElo "1428"]
[Opening "Gedult's opening"]
[ECO "A00"]
[Time "20:45:32"]
[TimeControl "180+0"]

1. f3 e6 2. e4 d5 3. Bd3 c6 4. c3 Nf6 5. e5 Ng8 6. Bc2 g6 7. d4 Bg7 8. f4
Ne7 9. Nf3 O-O 10. O-O Nd7 11. g4 f5 12. Ng5 Nb6 13. Nh3 fxg4 14. Qxg4 Nf5
15. Ng5 h6 16. Nf3 Qe8 17. Kh1 Nc4 18. Re1 Bd7 19. b3 Nb6 20. Ba3 Rf7 21.
Rg1 Re7 22. Nh4 Kh7 23. Nxg6 Rf7 24. Nh4 Qg8 25. Qe2 Nc8 26. Nd2 Ne7 27.
Ndf3 Raf8 28. Raf1 Kh8 29. Ng6+ Nxg6 30. Rxg6 Kh7 31. Rgg1 Re8 32. Nh4 Kh8
33. Ng6+ Kh7 34. Rf3 b6 35. Nh4 Kh8 36. Ng6+ Kh7 37. Qf2 Bh8 38. Nh4 Rg7 39.
Rxg7+ Qxg7 40. Nxf5 exf5 41. Rg3 Qf7 42. Re3 Be6 43. Bd6 Rg8 44. Rg3 Bg7 45.
Qf3 Bf8 46. Bb8 a6 47. Qg2 b5 48. Bd6 Bxd6 49. exd6 Rxg3 50. hxg3 Qg6 51.
Kg1 h5 52. Qh3 Qg4 53. Qh2 Kg7 54. Bd3 Kf7 55. Be2 Ke8 56. Bxg4 fxg4 57.
Qxh5+ Kd7 58. Qh7+ Kxd6 59. Qg7 c5 60. Qe5+ Ke7 61. Qc7+ Kf6 62. Qxc5 Kf5
63. Qf8+ Ke4 64. Qc5 Kf3 65. Kh2 Ke4 66. Qd6 Bf5 67. Qe5+ Kd3 68. Qxf5+ Kxc3
69. Qxg4 Kb2 70. Qe2+ Ka3 71. g4 Kb4 72. Qd2+ Ka3 73. Qc1+ Kb4 74. Qc5+ Ka5
75. a3 {Black stalemated} 1/2-1/2

[Event "ICCopen2017"]
[Site "Internet Chess Club"]
[Date "2017.04.02"]
[Round "9"]
[White "Almutairih"]
[Black "newtonpp"]
[Result "1-0"]
[ICCResult "Black forfeits on time"]
[WhiteElo "1327"]
[BlackElo "1454"]
[Opening "Sicilian: Grand Prix attack"]
[ECO "B23"]
[NIC "SI.44"]
[Time "20:45:39"]
[TimeControl "180+0"]

1. e4 c5 2. Nc3 Nc6 3. f4 d6 4. Nf3 e5 5. f5 g6 6. fxg6 hxg6 7. Bb5 Bg4 8.
Bxc6+ bxc6 9. d3 Qd7 10. h3 f5 11. Bg5 d5 12. Nxe5 Bxd1 13. Nxd7 Bxc2 14.
Nf6+ Nxf6 15. Bxf6 Rh5 16. Kd2 d4 17. Kxc2 dxc3 18. bxc3 fxe4 19. dxe4 Bd6
20. g4 Rh7 21. e5 Be7 22. Rab1 Rf7 23. g5 Bd8 24. h4 Rd7 25. Rbd1 Rd5 26. c4
Rd4 27. Kc3 Ba5+ 28. Kb3 Rb8+ 29. Ka4 Bc3 30. Rxd4 Rb4+ 31. Ka3 cxd4 32. e6
{Black forfeits on time}
1-0

[Event "ICCopen2017"]
[Site "Internet Chess Club"]
[Date "2017.04.02"]
[Round "9"]
[White "MATEPROOF"]
[Black "CapitanCentella"]
[Result "1-0"]
[ICCResult "Black forfeits on time"]
[WhiteElo "1986"]
[BlackElo "1743"]
[Opening "QGD Slav: 3.Nf3"]
[ECO "D11"]
[NIC "QP.09"]
[Time "20:45:08"]
[TimeControl "180+0"]

1. Nf3 d5 2. d4 c6 3. c4 e6 4. cxd5 exd5 5. Nc3 Nf6 6. Bg5 Bd6 7. e3 Bg4 8.
Be2 Nbd7 9. O-O O-O 10. a3 Bh5 11. b4 a6 12. Qb3 Re8 13. Rfe1 Qc7 14. h3
Rad8 15. a4 Qb8 16. b5 axb5 17. axb5 h6 18. Bxf6 Nxf6 19. Rec1 Bg6 20. bxc6
bxc6 21. Qxb8 Rxb8 22. Ra6 Rb2 23. Bf1 Bb4 24. Rxc6 Bxc3 25. R6xc3 Ne4 26.
R3c2 Rb3 27. Rc8 Rxc8 28. Rxc8+ Kh7 29. Ne5 Rb1 30. Nxg6 Kxg6 31. Rc2 Kf5
32. g3 Ke6 33. Kg2 Kd6 34. Bd3 Nf6 35. Rc8 Rd1 36. Be2 Rd2 37. Bf3 g5 38.
Rh8 h5 39. Rh6 Ke7 40. Kg1 g4 41. hxg4 hxg4 42. Bg2 Rd1+ 43. Bf1 Rc1 44. Kg2
Rc2 45. Bd3 Rd2 46. Bf5 Rb2 47. Rh4 Rd2 48. Kg1 Rb2 49. Kg2 Rd2 50. Bxg4 Ne4
51. Kg1 Nxf2 52. Bf3 Nd3 53. Bxd5 f6 54. Be4 Nc1 55. Rh7+ Kd6 56. Rf7 Ke6
57. Rf8 Ke7 58. Ra8 Ne2+ 59. Kf2 Nxd4+ 60. Ke1 Rh2 61. exd4 Rh3 62. Kf2 Rh2+
63. Kf3 Rd2 64. Ke3 Rd1 65. Ra7+ Kd6 66. Ra6+ Ke7 67. d5 Rg1 68. Kf2 Rd1 69.
Re6+ Kf7 70. Ke2 Rd4 71. Ke3 Rd1 72. Bf3 Re1+ 73. Kf4 {Black forfeits on
time} 1-0

[Event "ICCopen2017"]
[Site "Internet Chess Club"]
[Date "2017.04.02"]
[Round "9"]
[White "SIRPALADIN"]
[Black "mvillalba"]
[Result "1/2-1/2"]
[ICCResult "Game drawn by repetition"]
[WhiteElo "1893"]
[BlackElo "2130"]
[Opening "King's Indian: 4.e4"]
[ECO "E70"]
[NIC "KI.32"]
[Time "20:45:54"]
[TimeControl "180+0"]

1. d4 Nf6 2. c4 g6 3. Nc3 Bg7 4. e4 O-O 5. Nge2 d6 6. Ng3 c5 7. d5 e6 8. Be2
exd5 9. exd5 Re8 10. O-O h5 11. Bg5 Nbd7 12. Qd2 Ne5 13. f4 Neg4 14. f5 Qe7
15. fxg6 fxg6 16. Bxg4 Bxg4 17. Rae1 Qf8 18. h3 Rxe1 19. Qxe1 Bd7 20. Qb1
Qf7 21. Nce4 Bf5 22. Nxf5 gxf5 23. Nxd6 Qg6 24. Qxf5 Qxf5 25. Nxf5 Ne4 26.
Nxg7 Kxg7 27. Bf4 Kg6 28. Re1 Nf6 29. Re6 Kf5 30. Bd6 b6 31. Be7 Ne4 32. Rh6
Ng3 33. Kh2 Rg8 34. Bd6 Nf1+ 35. Kg1 Ne3 36. Rxh5+ Ke4 37. Rh4+ Kd3 38. Bc7
Rxg2+ 39. Kh1 Ke2 40. Rf4 Rg8 41. d6 Nf1 42. d7 Ng3+ 43. Kh2 Nf1+ 44. Rxf1
Kxf1 45. d8=Q Rg2+ 46. Kh1 Rg1+ 47. Kh2 Rg2+ 48. Kh1 Rg1+ 49. Kh2 Rg2+ 50.
Kh1 Rg1+ 51. Kh2 Rg2+ {Game drawn by repetition} 1/2-1/2

[Event "ICCopen2017"]
[Site "Internet Chess Club"]
[Date "2017.04.02"]
[Round "9"]
[White "ivancele"]
[Black "AreYouSerious"]
[Result "0-1"]
[ICCResult "White forfeits on time"]
[WhiteElo "1508"]
[BlackElo "1834"]
[Opening "Old Indian defense"]
[ECO "A53"]
[NIC "OI.04"]
[Time "20:45:43"]
[TimeControl "180+0"]

1. d4 Nf6 2. c4 d6 3. Nc3 c6 4. e4 g6 5. f4 Bg7 6. Nf3 O-O 7. Bd3 Na6 8. a3
Nc7 9. O-O Bg4 10. h3 Bd7 11. Be3 Qc8 12. Kh2 h6 13. Rc1 Re8 14. Qd2 Nh7 15.
b4 b6 16. e5 Bf5 17. Nh4 Bxd3 18. Qxd3 dxe5 19. dxe5 Qe6 20. Qe4 Rad8 21.
Rcd1 Ng5 22. fxg5 Bxe5+ 23. Kh1 Bxc3 24. Qxe6 Nxe6 25. gxh6 Kh7 26. Rxf7+
Kg8 27. Rdf1 Nf8 28. Nxg6 Nxg6 29. h7+ Kh8 30. Bh6 Bf6 31. g4 Nf8 32. g5
Bxg5 33. Bxg5 Nxh7 34. Bh6 Nf8 35. Bg7+ Kg8 36. Bh6 Nh7 {White forfeits on
time} 0-1

[Event "ICCopen2017"]
[Site "Internet Chess Club"]
[Date "2017.04.02"]
[Round "9"]
[White "blunderville"]
[Black "hawkstorm"]
[Result "1-0"]
[ICCResult "Black forfeits on time"]
[WhiteElo "1565"]
[BlackElo "1643"]
[Opening "Rousseau gambit"]
[ECO "C23"]
[NIC "IG.04"]
[Time "20:45:37"]
[TimeControl "180+0"]

1. e4 e5 2. Bc4 f5 3. Nf3 Nc6 4. d3 Nf6 5. Nc3 d6 6. Bg5 Na5 7. O-O Nxc4 8.
dxc4 Be6 9. Nd5 Be7 10. exf5 Bxf5 11. Nxe7 Qxe7 12. b3 O-O 13. Re1 Qf7 14.
Nh4 Be6 15. Re3 h6 16. Bxf6 Qxf6 17. Nf3 Bg4 18. h3 Bh5 19. Qd5+ Kh8 20. Rf1
c6 21. Qd2 Qg6 22. Qd3 Qf7 23. Qxd6 e4 24. Ne5 Qf5 25. g4 Qg5 26. f4 Rxf4
27. Rxf4 Qxf4 28. Re1 Qg3+ 29. Kf1 Qxh3+ 30. Kf2 Qh2+ 31. Ke3 Qg3+ 32. Kd4
Qxe1 33. Nf7+ Bxf7 34. Qe5 Qd2+ 35. Kc5 b6+ 36. Kxc6 Rc8+ 37. Kb7 Qd7+ 38.
Ka6 Be8 39. Qb5 Qxb5+ 40. cxb5 Bf7 41. Kxa7 Rc7+ 42. Kxb6 Rd7 43. Ka6 Re7
44. b6 e3 45. b7 e2 46. b8=Q+ {Black forfeits on time} 1-0

[Event "ICCopen2017"]
[Site "Internet Chess Club"]
[Date "2017.04.02"]
[Round "9"]
[White "MDRAFE3"]
[Black "unkavalo"]
[Result "0-1"]
[ICCResult "White forfeits on time"]
[WhiteElo "1981"]
[BlackElo "2353"]
[Opening "Trompowsky attack (Ruth, Opocenský opening)"]
[ECO "A45"]
[NIC "QP.07"]
[Time "20:45:48"]
[TimeControl "180+0"]

1. d4 Nf6 2. Bg5 c5 3. dxc5 e6 4. Nd2 Bxc5 5. e3 Be7 6. Ngf3 O-O 7. Bd3 a6
8. O-O b5 9. e4 d6 10. c3 Nbd7 11. a4 bxa4 12. Qxa4 Nc5 13. Qc2 Bb7 14. Rfe1
h6 15. Bh4 Nxd3 16. Qxd3 a5 17. Bxf6 Bxf6 18. Nb3 Be7 19. Nbd4 Qb6 20. e5 d5
21. Qe3 Rfb8 22. Ra2 Ba6 23. Rea1 Bc4 24. Ra4 Qxb2 25. Nc6 Bg5 26. Qe1 Rb5
27. Nxg5 hxg5 28. Nxa5 Bd3 29. h3 Rc8 30. R4a3 Qxa3 31. Rxa3 Rb1 32. Qxb1
Bxb1 33. f3 Bd3 34. Kf2 Rb8 35. Ke3 Bf1 36. Nc6 Rb2 37. g4 Re2+ 38. Kd4 Rf2
39. Kc5 Rxf3 40. Ra8+ Kh7 41. Nd8 Bxh3 42. Kd6 Bxg4 43. Ke7 Bh5 44. Nc6 g4
45. Nd8 g3 46. Ra1 g2 47. Rg1 Rf2 48. Nc6 Be2 49. Nd4 Bf1
{White forfeits on time}
0-1

[Event "ICCopen2017"]
[Site "Internet Chess Club"]
[Date "2017.04.02"]
[Round "9"]
[White "gannikus1992"]
[Black "Colombiano07"]
[Result "0-1"]
[ICCResult "White forfeits on time"]
[WhiteElo "2425"]
[BlackElo "1981"]
[Opening "Sicilian: Nimzovich-Rossolimo attack (with ...g6, without ...d6)"]
[ECO "B31"]
[NIC "SI.31"]
[Time "20:45:33"]
[TimeControl "180+0"]

1. e4 c5 2. Nf3 Nc6 3. Bb5 g6 4. Bxc6 bxc6 5. O-O Bg7 6. Re1 Nf6 7. e5 Nd5
8. c4 Nc7 9. d4 cxd4 10. Qxd4 O-O 11. Nc3 Ne6 12. Qh4 d5 13. exd6 exd6 14.
Qxd8 Rxd8 15. Ne4 Ba6 16. Be3 Bxc4 17. Nfd2 Bd5 18. Nc3 Bxc3 19. bxc3 a5 20.
c4 Nc7 21. cxd5 Nxd5 22. Rac1 c5 23. Ne4 Nb4 24. Bg5 Rdb8 25. Rcd1 Nxa2 26.
Rxd6 a4 27. h4 a3 28. Nxc5 Nc3 29. Bf6 Nb5 30. Rd7 a2 31. Kh2 Rb6 32. Ba1
Rd6 33. Ree7 Rxd7 34. Nxd7 Na3 35. Nf6+ Kg7 36. Re2 Nc4 37. g4 h6 38. g5
hxg5 39. hxg5 Kf8 40. Rc2 Nd6 41. Rc7 Ra5 42. Rd7 Nc4 43. Nd5 Ke8 44. Nf6+
Kf8 45. f4 Na3 46. Bc3 Rc5 47. Rd8+ Ke7 48. Re8+ Kd6 49. Be5+ Rxe5 50. fxe5+
Kc5 51. Rc8+ Kb4 52. Rc1 Nb1 53. Nd5+ Kb3 54. e6 fxe6 55. Nc3 a1=Q 56. Rxb1+
Qxb1 57. Nxb1 Kc2 58. Na3+ Kd2 59. Kg3 e5 60. Kf3 Kd3 61. Nb5 e4+ 62. Kf4 e3
63. Na3 e2 64. Nb5 e1=Q 65. Nd6 Qe3+ {White forfeits on time} 0-1

[Event "ICCopen2017"]
[Site "Internet Chess Club"]
[Date "2017.04.02"]
[Round "9"]
[White "MrNobody84"]
[Black "BillietheKid"]
[Result "1-0"]
[ICCResult "Black forfeits on time"]
[WhiteElo "1627"]
[BlackElo "1434"]
[Opening "Sicilian defense"]
[ECO "B20"]
[NIC "SI.48"]
[Time "20:45:42"]
[TimeControl "180+0"]

1. e4 c5 2. Qe2 d6 3. Kd1 Nf6 4. d3 Nc6 5. h3 e6 6. g4 Be7 7. g5 Nd7 8. h4
Nde5 9. c3 Bd7 10. f4 Ng6 11. h5 Nf8 12. Na3 a6 13. Nc4 Qc7 14. Ne3 O-O-O
15. a4 g6 16. h6 f6 17. Nf3 f5 18. exf5 exf5 19. Nd5 Qa5 20. Nxe7+ Nxe7 21.
Qxe7 Re8 22. Qxd6 Bc6 23. Bg2 Rd8 24. Qf6 Rxd3+ 25. Kc2 Rxf3 26. Bxf3 Bxf3
27. Qxh8 Be4+ 28. Kd1 Qd8+ 29. Bd2 Bxh1 30. Ke2 Be4 31. Kd1 Bf3+ 32. Kc1 Be4
33. Qf6 {Black forfeits on time} 1-0

[Event "ICCopen2017"]
[Site "Internet Chess Club"]
[Date "2017.04.02"]
[Round "9"]
[White "Eliezer"]
[Black "DGint"]
[Result "0-1"]
[ICCResult "White forfeits on time"]
[WhiteElo "1542"]
[BlackElo "1730"]
[Opening "Scandinavian defense"]
[ECO "B01"]
[NIC "SD.03"]
[Time "20:45:44"]
[TimeControl "180+0"]

1. e4 d5 2. exd5 Nf6 3. Nf3 Bg4 4. Be2 Qxd5 5. h3 Bh5 6. O-O Nc6 7. Nc3 Qd7
8. d3 O-O-O 9. Bg5 h6 10. Bh4 e5 11. Qe1 g5 12. Bg3 g4 13. hxg4 Bxg4 14. Nh2
Bxe2 15. Qxe2 Nd4 16. Qxe5 Bg7 17. Qa5 Nc6 18. Qc5 h5 19. Nf3 h4 20. Nxh4
Nh5 21. Qf5 Nxg3 22. Qxd7+ Rxd7 23. fxg3 Bd4+ 24. Kh2 Nb4 25. Rf4 Nxc2 26.
Rxd4 Nxd4 27. Rf1 b6 28. Kg1 Kb7 29. Nf3 Nxf3+ 30. gxf3 Rg8 31. Kf2 f5 32.
Ne2 Rxd3 33. Nf4 Rd2+ 34. Ke3 Rxb2 35. Rf2 Re8+ 36. Kd3 Rxf2 37. Nd5 Rxf3+
38. Kd2 Rd8 39. Ke2 Rxd5 40. Kxf3 Ra5 41. Kf4 Rxa2 42. g4 fxg4 43. Kxg4 Rd2
44. Kf4 a5 45. Ke3 Rd8 46. Ke4 a4 47. Ke5 a3 48. Ke6 a2 49. Ke7 Rd6
{White forfeits on time}
0-1

[Event "ICCopen2017"]
[Site "Internet Chess Club"]
[Date "2017.04.02"]
[Round "9"]
[White "YHWH"]
[Black "splashlee2010"]
[Result "1-0"]
[ICCResult "Black forfeits on time"]
[WhiteElo "1533"]
[BlackElo "1269"]
[Opening "QGD: semi-Slav"]
[ECO "D10"]
[NIC "SL.06"]
[Time "20:45:52"]
[TimeControl "180+0"]

1. d4 d5 2. c4 c6 3. Nc3 e6 4. cxd5 exd5 5. Nf3 Nf6 6. Bg5 Be7 7. e3 O-O 8.
Bd3 h6 9. Bh4 Nbd7 10. O-O Bd6 11. Qc2 Kh8 12. Rae1 Be7 13. Nd2 Ne8 14. Bg3
Bh4 15. Bxh4 Qxh4 16. Nf3 Qf6 17. Qd2 Nb6 18. b3 Nd6 19. e4 dxe4 20. Nxe4
Nxe4 21. Rxe4 Nd5 22. Rfe1 Bf5 23. Re5 Bxd3 24. Qxd3 Nf4 25. Qe4 Ne6 26. d5
cxd5 27. Qxd5 Rfd8 28. Qxb7 Rdb8 29. Qe4 Rd8 30. h3 a5 31. Qa4 Qf4 32. R5e4
Qd6 33. Ne5 Nc5 34. Nxf7+ Kh7 35. Nxd6 Nxa4 36. Nf7 Rd7 37. Ne5 Re7 38. Rxa4
Rae8 39. f4 g5 40. Rxa5 gxf4 41. Kf2 Kg7 42. Kf3 Kf6 43. Kxf4 h5 44. g4 hxg4
45. Nxg4+ Kf7 46. Rxe7+ Rxe7 47. Rf5+ Kg7 48. Ne5 Rc7 49. h4 Rc2 50. Rf7+
Kg8 51. Ke4 Rh2 52. Rf4 Rxa2 53. b4 Rb2 54. Kf5 Rh2 55. h5 Kh7 56. Kg5 Rg2+
57. Kf5 Rh2 58. Ke6 Rxh5 59. Rf7+ Kh6 60. Rf6+ {Black forfeits on time} 1-0